 Dungeon Crawl Stone Soup version 0.17.1-1-g73c8601 (webtiles) character file.

822 JustSomeDude the Skirmisher (level 7, -4/55 HPs)
             Began as a Demonspawn Monk on Jan 4, 2016.
             Killed from afar by an orc wizard (7 damage)
             ... with a magic dart
             ... on level 4 of the Dungeon.
             The game lasted 00:15:43 (5515 turns).

JustSomeDude the Skirmisher (Demonspawn Monk)       Turns: 5515, Time: 00:15:43

Health: -4/55      AC: 12    Str: 11 (12) XL:     7   Next: 63%
Magic:  6/6        EV:  7    Int: 11      God:
Gold:   201        SH:  0    Dex: 19      Spells: 0 memorised, 6 levels left

rFire  . . .     SeeInvis .     c - +4 dagger
rCold  + . .     Clarity  .     u - +0 chain mail
rNeg   . . .     SustAt   .     (no shield)
rPois  .         Gourm    .     (no helmet)
rElec  .         Spirit   .     y - +1 cloak
rCorr  .         Warding  .     (no gloves)
rMut   .         Stasis   .     (no boots)
MR     +....                    (no amulet)
Stlth  ..........               t - ring of protection from cold
                                m - ring of protection from magic

@: flying, somewhat resistant to hostile enchantments, extremely unstealthy
A: icy blue scales 1, agile 1, low mp 1, mutation resistance 1, powered by pain
1
a: no special abilities


You were on level 4 of the Dungeon.
You were not hungry.

You visited 2 branches of the dungeon, and saw 6 of its levels.

You collected 201 gold pieces.

Inventory:

Hand Weapons
 c - a +4 dagger (weapon)
Armour
 u - a +0 chain mail (worn)
 y - a +1 cloak (worn)
Jewellery
 f - an uncursed ring of sustain attributes
 j - an uncursed ring of ice
 m - a ring of protection from magic (left hand)
 t - a ring of protection from cold (right hand)
Wands
 a - a wand of confusion (4)
 n - a wand of confusion (31)
Scrolls
 d - 5 scrolls of identify
 e - 4 scrolls of remove curse
 g - 2 scrolls of amnesia
 h - a scroll of fog {unknown}
 k - a scroll of fear {unknown}
 o - a scroll of blinking {unknown}
 q - a scroll of random uselessness {unknown}
 w - a scroll of noise
Potions
 i - a potion of flight
Comestibles
 b - 5 bread rations
 l - 2 meat rations
 v - 2 slices of pizza


   Skills:
 + Level 4.8 Fighting
 + Level 2.5 Short Blades
 + Level 4.3 Armour
 + Level 4.6 Dodging
 + Level 2.3 Stealth
 + Level 4.0 Unarmed Combat


You had 6 spell levels left.
You didn't know any spells.

Dungeon Overview and Level Annotations

Branches:
Dungeon (5/15)             Temple (1/1) D:5

Altars:
Ashenzari
Cheibriados
Dithmenos
Elyvilon
Fedhas
Gozag
Kikubaaqudgha
Makhleb
Nemelex Xobeh
Okawaru
Qazlal
Ru
Sif Muna
Vehumet
Xom
Yredelemnul
Zin


Innate Abilities, Weirdness & Mutations

You are partially covered in icy blue scales (AC +1).
You sometimes gain a little power by taking damage.
You are agile. (Dex +2)
Your magical capacity is low (-10% MP).
You are somewhat resistant to further mutation.


Message History

Something hits you but does no damage.
You hit the orc priest.
The orc priest is severely wounded.
Something hits you but does no damage.
The orc priest hits you but does no damage.
You hit the orc priest but do no damage.
The orc priest is severely wounded.
Something hits you but does no damage.
The orc priest looks braver for a moment.
You hit the orc priest.
You kill the orc priest!
Something hits you but does no damage.
You completely miss something. Something hits you but does no damage.
Your chain mail prevents you from hitting something.
Something hits you but does no damage.
You hit something but do no damage.
You hear some strange, mumbled words.
A magic dart appears from out of thin air!
The magic dart hits you!
You die...

# ##'## ##...# #
#.# #...# #
#.##########.##
######........#
#.#
....#.<.#####.#
#.#
###......#.##.#
#.# #.#...#...#.#
#.#
#...........###{#
####.##......)@)#
#.###.##.#####
#.######.#
#........#
##########


There were no monsters in sight!

Vanquished Creatures
  An ogre (D:4)
  A giant frog (D:5)
  Blork the orc (D:4)
  A scorpion (D:4)
  A giant frog skeleton (D:3)
  4 orc priests
  2 orc wizards (D:4)
  5 worker ants
  A hound zombie (D:5)
  3 adders
  4 gnolls (D:4)
  A shadow imp (D:5)
  2 oozes
  An adder skeleton (D:4)
  6 worms
  3 giant geckos
  25 orcs
  4 bats
  8 giant cockroaches
  8 goblins
  9 hobgoblins
  7 jackals
  3 quokkas
  4 giant newts
  5 kobolds
  5 rats
115 creatures vanquished.

Notes
Turn   | Place    | Note
--------------------------------------------------------------
     0 | D:1      | JustSomeDude the Demonspawn Monk began the quest for the Orb.
     0 | D:1      | Reached XP level 1. HP: 18/18 MP: 1/1
   296 | D:1      | Gained mutation: You sometimes gain a little power by taking damage. [demonic ancestry]
   296 | D:1      | Reached XP level 2. HP: 16/24 MP: 2/2
   724 | D:1      | Reached XP level 3. HP: 29/29 MP: 3/3
  1080 | D:2      | Found a basalt altar of Yredelemnul.
  1084 | D:2      | Found a blossoming altar of Fedhas.
  1085 | D:2      | Found a sacrificial altar of Ru.
  1092 | D:2      | Found a radiant altar of Vehumet.
  1093 | D:2      | Found a sparkling altar of Nemelex Xobeh.
  1149 | D:2      | Reached skill level 4 in Unarmed Combat
  1555 | D:3      | Reached XP level 4. HP: 28/35 MP: 4/4
  2288 | D:3      | Reached skill level 1 in Armour
  2341 | D:3      | Reached skill level 1 in Short Blades
  2341 | D:3      | Gained mutation: You are partially covered in icy blue scales (AC +1). [demonic ancestry]
  2341 | D:3      | Reached XP level 5. HP: 29/42 MP: 5/5
  2762 | D:4      | Noticed Blork the orc
  2780 | D:4      | Killed Blork the orc
  2780 | D:4      | Reached XP level 6. HP: 36/48 MP: 6/6
  2814 | D:4      | Gained mutation: Your magical capacity is low (-10% MP). [potion of mutation]
  2814 | D:4      | Gained mutation: You are somewhat resistant to further mutation. [potion of mutation]
  2814 | D:4      | Gained mutation: You are agile. (Dex +2) [potion of mutation]
  2852 | D:4      | HP: 2/48 [poison (a potion of poison)]
  4067 | D:4      | Noticed an ogre
  4079 | D:4      | Killed an ogre
  4079 | D:4      | Reached XP level 7. HP: 34/55 MP: 6/6
  4615 | D:5      | Entered Level 5 of the Dungeon
  4666 | D:5      | Found a sparkling altar of Nemelex Xobeh.
  4789 | D:5      | Found a staircase to the Ecumenical Temple.
  4822 | Temple   | Entered the Ecumenical Temple
  5509 | D:4      | HP: 2/55 [orc priest/club (1)]
  5515 | D:4      | Killed from afar by an orc wizard

Action                   |  1- 3 |  4- 6 |  7- 9 || total
-------------------------+-------+-------+-------++-------
Melee: Unarmed           |    23 |       |       ||    23
       Dagger            |   116 |   312 |   117 ||   545
  Use: Potion            |       |    12 |     2 ||    14
       Scroll            |       |     6 |       ||     6
 Stab: Sleeping          |     4 |       |       ||     4
  Eat: Chunk             |     1 |     5 |       ||     6
       Meat ration       |       |     2 |       ||     2
